 Dungeon Crawl Stone Soup version 0.21.1-1-g345015f (webtiles) character file.

114 sking99 the Skirmisher (level 4, -1/50 HPs)
             Began as an Ogre Monk on July 1, 2018.
             Was a Believer of Qazlal.
             Slain by a gnoll (7 damage)
             ... on level 3 of the Dungeon.
             The game lasted 00:06:25 (3827 turns).

sking99 the Skirmisher (Ogre Monk)                  Turns: 3827, Time: 00:06:26

Health: -1/50      AC:  3    Str: 20    XL:     4   Next: 98%
Magic:  4/4        EV: 11    Int: 11    God:    Qazlal [**....]
Gold:   217        SH:  3    Dex: 12    Spells: 3/3 levels left

rFire    . . .     SeeInvis .   a - +1 mace
rCold    . . .     Gourm    .   (no shield)
rNeg     . . .     Faith    .   b - +0 robe
rPois    .         Spirit   .   (helmet restricted)
rElec    .         Reflect  .   (no cloak)
rCorr    .         Harm     .   (gloves unavailable)
MR       .....                  (boots unavailable)
Stlth    +.........             (no amulet)
HPRegen  0.16/turn              h - +1 ring of evasion
MPRegen  0.09/turn              j - +5 ring of strength

@: no status effects
A: large, unfitting armour, tough skin 1
a: Upheaval, Renounce Religion


You were on level 3 of the Dungeon.
You worshipped Qazlal.
Qazlal was pleased with you.
You were not hungry.

You visited 1 branch of the dungeon, and saw 4 of its levels.

You collected 217 gold pieces.

Inventory:

Hand Weapons
 a - a +1 mace (weapon)
Armour
 b - a +0 robe (worn)
Jewellery
 h - a +1 ring of evasion (left hand)
 j - a +5 ring of strength (right hand)
 o - an uncursed amulet of faith
 p - an uncursed ring of ice
Scrolls
 e - a scroll of remove curse
 m - a scroll of amnesia
Potions
 d - a potion of heal wounds
 g - 2 potions of flight {unknown}
 k - 2 potions of curing {unknown}
 n - a potion of resistance {unknown}
Comestibles
 c - 5 rations


   Skills:
 + Level 5.2 Fighting
 * Level 4.3 Maces & Flails
 - Level 2.6 Dodging
 - Level 1.4 Stealth
 + Level 0.2 Invocations


You had 3 spell levels left.
You didn't know any spells.

Dungeon Overview and Level Annotations

Branches:
Dungeon (4/15)
 Temple: D:4-7

Altars:
Dithmenos
Gozag
Qazlal
Wu Jian
Yredelemnul


Innate Abilities, Weirdness & Mutations

You are too large for most types of armour.
You have tough skin. (AC +1)


Message History

The gnoll is moderately wounded.
The leopard gecko bites you but does no damage.
The gnoll hits you with a halberd! The gnoll hits you but does no damage.
The gnoll hits you.
* * * LOW HITPOINT WARNING * * *
The leopard gecko bites you.
* * * LOW HITPOINT WARNING * * *
You hit the gnoll.
The gnoll is severely wounded.
You block the gnoll's attack. The gnoll hits you.
* * * LOW HITPOINT WARNING * * *
The gnoll barely misses you. The leopard gecko barely misses you.
You barely miss the gnoll.
The gnoll is severely wounded.
The gnoll closely misses you.
The leopard gecko bites you but does no damage.
The gnoll hits you with a spear.
* * * LOW HITPOINT WARNING * * *
The gnoll hits you!
You die...

.# #.###..#.##.# #.... .#
#......._...###########.###
.#
#####..#.#..............#
.#
######..#.################
## #.>.....#.# #.####)##.##
#.# #.#...## #.# #...#gl#
#.######..g@# #.##....###g#
#......#.##)# #.#...#..##.#
##.##.#...##(#
#.....######(####
##....#...#.....#######
#.#....#..#.#...(.....#
#..#....#.##.##.#####.#####


You could see 3 gnolls and a leopard gecko.

Vanquished Creatures
  A gnoll (D:3)
  3 adders
  A worm (D:2)
  5 leopard geckos
  5 orcs
  A ball python (D:2)
  10 goblins
  4 hobgoblins
  8 jackals (D:1)
  6 kobolds
  2 quokkas (D:3)
  3 bats
  3 frilled lizards
  7 rats
59 creatures vanquished.

Notes
Turn   | Place    | Note
-------+----------+-------------------------------------------
     0 | D:1      | sking99 the Ogre Monk began the quest for the Orb.
     0 | D:1      | Reached XP level 1. HP: 24/24 MP: 1/1
   132 | D:1      | Reached XP level 2. HP: 26/32 MP: 2/2
   283 | D:1      | HP: 1/32 [jackal (1)]
  1036 | D:1      | Reached XP level 3. HP: 35/40 MP: 3/3
  1603 | D:2      | Found a stormy altar of Qazlal.
  1611 | D:2      | Became a worshipper of Qazlal Stormbringer
  1611 | D:2      | Reached * piety under Qazlal
  1611 | D:2      | Reached ** piety under Qazlal
  1853 | D:2      | Reached XP level 4. HP: 40/49 MP: 4/4
  1992 | D:2      | Found an opulent altar of Gozag.
  2524 | D:3      | Reached skill level 5 in Fighting
  3007 | D:3      | Found an ornate altar of the Wu Jian Council.
  3200 | D:3      | Found a basalt altar of Yredelemnul.
  3608 | D:4      | Found a shadowy altar of Dithmenos.
  3827 | D:3      | Slain by a gnoll

Skill      XL: |  1  2  3  4 |
---------------+-------------+-----
Maces & Flails | 3 4 |  4.3
Fighting       | 5 |  5.2
Dodging        | |  2.6
Stealth        | |  1.4
Invocations    | |  0.2

Action                   |  1- 3 |  4- 6 || total
-------------------------+-------+-------++-------
Melee: Mace              |   123 |   129 ||   252
  Use: Scroll            |     4 |     6 ||    10
  Eat: Chunk             |     3 |     5 ||     8
       Ration            |       |     1 ||     1
Armor: Robe              |    37 |    23 ||    60
Dodge: Dodged            |   100 |    67 ||   167
Block: Other             |       |    12 ||    12
